AoeStats
← Hachi meow

Hill Fort

505450128Analyzed
2v2 RM · 22d ago on Sep 9, 2026· 58m 47s· 4 players
Game mode
Random Map
Map size
Medium (4 player)
Population
200
Speed
Normal
Resources
Standard
Victory
Conquest
Starting age
Dark Age
Ending age
Imperial Age
RankedLock teamsTeams togetherTeam positionsShared explorationLock speedFull tech treeHidden civsTurbo modeCheats
Victory
Defeat
🇩🇪 Goths · Germany
1527
+15
🇩🇪 Armenians · Germany
1385
+21
🇹🇼 Persians · Taiwan
1619
-23
🇨🇦 Aztecs · Canada
1371
-13
Öl1ng
10:35 Feudal Age
14:43 Castle Age
13:30 Double-Bit Axe
13:26 Horse Collar
15:58 Bow Saw
18:05 Loom
20:07 Heavy Plow
21:56 Scale Mail Armor
23:16 Wheelbarrow
22:26 Town Watch
22:03 Pikeman
23:27 Scale Mail Armor
23:31 Gold Mining
24:07 Squires
25:09 Stone Mining
24:52 Man-at-Arms
26:22 Hand Cart
30:43 Imperial Age
28:39 Long Swordsman
29:54 Anarchy
30:45 Elite Huskarl
31:47 Conscription
32:35 Two-Man Saw
32:02 Chain Mail Armor
32:53 Forging
32:38 Fletching
34:09 Iron Casting
34:46 Chemistry
33:08 Halberdier
35:50 Blast Furnace
41:46 Coinage
41:54 Spies/Treason
44:57 Coinage
47:17 Masonry
47:11 Heated Shot
47:31 Masonry
47:42 Ballistics
47:17 Murder Holes
47:33 Careening
47:34 Clinker Construction
47:29 Siphons
48:50 Sappers
49:21 Perfusion
49:54 Architecture
49:44 Shipwright
49:22 Bodkin Arrow
49:27 Padded Archer Armor
49:32 Scale Barding Armor
49:51 Sanctity
49:32 Devotion
49:58 Illumination
49:44 Fervor
50:10 Theocracy
49:31 Herbal Medicine
48:59 Capped Ram
49:04 Two-Handed Swordsman
49:50 Champion
50:45 Town Patrol
51:04 Leather Archer Armor
51:38 Crop Rotation
50:57 Fishing Lines
51:28 Medium Warships
50:45 Demolition Ship
52:24 Stone Shaft Mining
51:51 Bracer
52:12 Chain Barding Armor
52:17 Caravan
52:49 Banking
52:39 Guilds
53:33 Faith
53:52 Ring Archer Armor
53:30 Husbandry
54:17 Carvel Hull
54:14 Incendiaries
53:28 Crossbowman
53:28 Elite Skirmisher
53:29 Heavy Cavalry Archer
54:21 Bloodlines
53:32 Light Cavalry
54:26 Cavalier
54:43 Heavy Scorpion
55:09 Onager
55:46 Hussar
57:44 Gillnets
58:19 Heavy Warships
57:27 Heavy Demolition Ship
105er.DarkSheep
11:07 Feudal Age
14:43 Castle Age
13:12 Double-Bit Axe
13:36 Horse Collar
17:38 Loom
21:04 Town Watch
22:42 Bow Saw
23:10 Heavy Plow
23:35 Scale Mail Armor
23:45 Forging
23:14 Man-at-Arms
24:10 Gambesons
24:02 Long Swordsman
25:14 Forging
25:40 Squires
25:35 Fletching
25:07 Two-Handed Swordsman
28:46 Wheelbarrow
29:53 Stone Mining
30:02 Gold Mining
30:55 Hand Cart
34:59 Imperial Age
32:59 Caravan
33:28 Fletching
33:38 Padded Archer Armor
34:54 Ballistics
34:30 Bodkin Arrow
34:47 Masonry
35:05 Elite Composite Bowman
36:06 Conscription
35:50 Bracer
36:06 Leather Archer Armor
37:02 Chemistry
36:26 Fereters
38:19 Ring Archer Armor
38:21 Chain Mail Armor
38:24 Champion
39:41 Iron Casting
40:14 Arson
42:39 Blast Furnace
42:09 Plate Mail Armor
41:51 Masonry
42:17 Hoardings
43:02 Coinage
42:43 Guilds
43:19 Fortified Wall
44:32 Scale Barding Armor
44:24 Murder Holes
44:22 Heated Shot
45:15 Careening
45:16 Clinker Construction
45:12 Siphons
45:40 Banking
45:26 Redemption
45:17 Atonement
45:27 Fervor
45:33 Block Printing
44:41 Pikeman
45:23 Spies/Treason
47:02 Gold Shaft Mining
46:49 Chain Barding Armor
45:58 Light Cavalry
46:49 Bloodlines
46:39 Husbandry
46:00 Cavalier
46:02 Halberdier
46:04 Crossbowman
46:05 Elite Skirmisher
47:07 Dry Dock
47:08 Bombard Tower
46:39 Guard Tower
46:13 Demolition Ship
46:36 Fishing Lines
47:07 Medium Warships
47:13 Town Patrol
46:36 Capped Ram
47:43 Sanctity
47:23 Devotion
47:48 Illumination
47:59 Theocracy
47:20 Herbal Medicine
47:46 Heresy
46:51 Arbalester
48:06 Carvel Hull
48:07 Cilician Fleet
47:32 Sappers
47:52 Heavy Demolition Ship
48:23 Gillnets
49:06 Incendiaries
48:42 Siege Ram
49:07 Onager
49:27 Heavy Scorpion
50:41 Heavy Warships
50:44 Faith
51:57 Faith
52:02 Heresy
wiper
12:20 Feudal Age
12:58 Double-Bit Axe
12:55 Horse Collar
17:16 Castle Age
16:36 Gold Mining
17:01 Forging
16:52 Scale Mail Armor
18:57 Chain Mail Armor
19:16 Bow Saw
19:39 Loom
20:46 Eagle Warrior
22:08 Heavy Plow
23:00 Squires
25:06 Wheelbarrow
26:46 Hand Cart
27:09 Gold Shaft Mining
40:38 Fortified Wall
Hachi meow
5:25 Loom
12:28 Feudal Age
16:07 Castle Age
17:12 Double-Bit Axe
21:01 Husbandry
24:22 Wheelbarrow
24:56 Fishing Lines
26:47 Horse Collar
27:31 Fletching
29:21 Bodkin Arrow
29:28 Town Watch
30:45 Ballistics
30:52 Parthian Tactics
30:52 Bloodlines
36:37 Imperial Age
Connection lost

Rejoining the realm…

Still unreachable

The connection could not be restored.

Session expired

The server has moved on; the page needs a fresh start.